Map: Dusty Gorge

Players

KingsterD - Winner!

  • Race: Terran Terran
  • League: Diamond
  • Spawn Location: 11:00

PureLegacy - Winner!

  • Race: Terran Terran
  • Spawn Location: 9:00

llllllllllll

  • Race: Zerg Zerg
  • Spawn Location: 5:00

Timyrcid

  • Race: Terran Terran
  • Spawn Location: 3:00

VOD

Have the link to the VOD?

Description

Time

  • Played on: Dec. 3, 2018, 8:43 a.m.
  • Length: 5:02
Show
View Real Time Build Order
Export as new Build Order

KingsterD Terran - Winner!

Build Orders: 1/1/1, Hellion Opening 

Get SALT Encoding   

  12  0:01  SCV  
  13  0:13  SCV  
  14  0:18  Supply Depot  
  14  0:25  SCV  
  15  0:30  Refinery  
  15  0:39  SCV  
  16  0:46  Barracks  
  16  0:51  SCV  
  16  0:56  Refinery  
  17  1:03  SCV  
  18  1:16  SCV  
  19  1:28  SCV  
  20  1:33  Reaper  
  20  1:37  Factory  
  21  1:43  Orbital Command  
  21  1:49  Supply Depot  
  21  2:05  Barracks Reactor  
  21  2:09  SCV  
  22  2:27  Hellion  
  22  2:28  Starport  
  24  2:30  SCV  
  24  2:32  Supply Depot  
  25  3:01  Marine, Hellion x2  
  25  3:04  Medivac  
  25  3:05  Supply Depot  
  32  3:16  SCV  
  33  3:22  Hellion x2  
  37  3:38  Medivac, Marine  
  39  3:42  Armory, Supply Depot  
  39  3:44  Hellion  
  39  3:45  Hellion  
  43  3:50  SCV  
  44  3:57  Barracks Tech Lab  
  44  4:13  Widow Mine x2  
  48  4:25  Supply Depot, SCV  
  48  4:30  Command Center  
Show
View Real Time Build Order
Export as new Build Order

PureLegacy Terran - Winner!

Build Orders:  

Get SALT Encoding   

  12  0:02  SCV  
  13  0:14  SCV  
  13  0:19  Supply Depot  
  14  0:27  SCV  
  15  0:31  Refinery  
  15  0:41  SCV  
  16  0:50  Barracks  
  16  0:53  SCV  
  17  1:04  Barracks  
  17  1:19  Barracks  
  17  1:22  SCV  
  18  1:37  Reaper  
  19  1:42  Orbital Command  
  19  1:51  Refinery  
  19  1:52  Reaper  
  20  2:06  Reaper  
  21  2:09  Supply Depot  
  21  2:10  Reaper  
  21  2:15  SCV  
  23  2:30  Reaper, SCV  
  23  2:35  Supply Depot  
  25  2:48  Reaper  
  26  2:59  Reaper  
  26  3:05  Reaper  
  27  3:11  SCV  
  28  3:12  Command Center  
  28  3:21  Reaper  
  28  3:26  Supply Depot  
  29  3:27  SCV  
  29  3:31  Reaper  
  31  3:37  Reaper  
  31  3:39  SCV  
  33  3:48  Barracks  
  33  3:54  Barracks  
  33  3:55  Reaper  
  34  4:00  SCV  
  35  4:15  SCV  
  38  4:19  Supply Depot  
  39  4:35  SCV  
  39  4:37  Orbital Command  
  40  4:40  Barracks Tech Lab  
  40  4:41  Barracks Reactor x2  
  40  4:42  Marine x2  
  39  4:46  Factory  
Show
View Real Time Build Order
Export as new Build Order

llllllllllll Zerg 

Build Orders: Hatch First 

Get SALT Encoding   

  12  0:16  Overlord  
  12  0:17  Drone  
  13  0:29  Drone  
  14  0:38  Drone  
  15  0:44  Drone  
  16  0:54  Hatchery  
  15  1:06  Drone  
  16  1:13  Spawning Pool  
  15  1:22  Extractor  
  15  1:23  Drone x2  
  16  1:26  Drone  
  17  1:39  Drone  
  18  1:47  Drone  
  19  2:02  Spine Crawler  
  18  2:09  Drone x3  
  18  2:10  Queen  
  18  2:15  Queen  
  25  2:20  Drone  
  26  2:29  Spine Crawler  
  25  2:32  Drone x2  
  27  2:42  Drone  
  28  2:45  Metabolic Boost  
  28  2:51  Overlord  
  28  3:10  Drone x5  
  33  3:13  Zergling x2  
  34  3:22  Drone x2  
  36  3:29  Overlord  
  36  3:53  Queen x2  
  36  3:55  Drone x4  
  44  4:09  Overlord  
  42  4:27  Extractor  
Show
View Real Time Build Order
Export as new Build Order

Timyrcid Terran 

Build Orders: Reaper Expand 

Get SALT Encoding   

  12  0:02  SCV  
  13  0:16  SCV  
  14  0:28  Supply Depot, SCV  
  15  0:38  Refinery  
  15  0:50  Barracks, SCV  
  16  0:58  Supply Depot  
  16  1:02  SCV  
  17  1:14  SCV  
  18  1:26  SCV  
  19  1:35  Refinery  
  19  1:38  Barracks  
  19  1:39  Reaper  
  20  1:44  Orbital Command  
  20  2:11  Barracks Tech Lab  
  20  2:12  SCV  
  21  2:17  Factory  
  21  2:27  Marine  
  21  2:30  Bunker  
  21  2:31  Marauder  
  21  2:32  Concussive Shells  
  21  2:35  SCV  
  23  2:51  Marine  
  21  2:53  Marauder  
  20  3:09  SCV  
  19  3:17  Marine  
  7  3:39  SCV  
  7  3:56  SCV  
  7  3:58  Marauder  
  10  4:06  Widow Mine  
  12  4:19  SCV, Command Center  
  10  4:38  Marine  
  13  4:50  SCV  
Tags
 
Add a new tag
Caveats
  • Supply blocks, unpowered buildings, or Contaminate may cause inaccurate times.
  • Supply counts are checked every 10 seconds.